 Dungeon Crawl Stone Soup version 0.17-a0-2069-g0f4ee5b (webtiles) character file.

56 nexus the Sneak (level 3, -3/26 HPs)
             Began as a Vampire Ice Elementalist on Oct 13, 2015.
             Slain by an adder (5 damage)
             ... on level 2 of the Dungeon.
             The game lasted 00:13:47 (1511 turns).

nexus the Sneak (Vampire Ice Elementalist)          Turns: 1511, Time: 00:13:47

Health: -3/26      AC:  2    Str:  7    XL:     3   Next: 71%
Magic:  2/6        EV: 13    Int: 18    God:
Gold:   105        SH:  0    Dex: 14    Spells: 2 memorised, 3 levels left

rFire  . . .     SeeInvis +       - Unarmed
rCold  . . .     Clarity  .     a - +0 robe
rNeg   . . .     SustAt   .     (no shield)
rPois  .         Gourm    .     (no helmet)
rElec  .         Spirit   .     (no cloak)
rCorr  .         Warding  .     (no gloves)
rMut   .         Stasis   .     (no boots)
MR     .....                    (no amulet)
Stlth  +++.......               (no ring)
                                (no ring)

@: lethally poisoned (-3 -> -6), regenerating quickly, not resistant to hostile
enchantments, fairly stealthy
A: fangs 3, see invisible, unbreathing
a: no special abilities


You were on level 2 of the Dungeon.
You were full.

You visited 1 branch of the dungeon, and saw 2 of its levels.

You collected 105 gold pieces.

Inventory:

Missiles
 d - 29 sling bullets
 h - 20 poisoned needles
Armour
 a - a +0 robe (worn)
Scrolls
 g - a scroll of teleportation {unknown}
Potions
 c - 9 potions of blood
 e - a potion of agility {unknown}
 f - a potion of cancellation
 i - a potion of heal wounds {unknown}
Books
 b - a book of Frost

   Spells                             Type                      Level
   a - Freeze                         Ice                          1
   b - Throw Frost                    Conjuration/Ice              2
   c - Ozocubu's Armour               Charms/Ice                   3
   d - Throw Icicle                   Conjuration/Ice              4
   e - Summon Ice Beast               Ice/Summoning                4
   f - Condensation Shield            Ice                          4


   Skills:
 + Level 1.0 Fighting
 + Level 3.0 Dodging
 + Level 3.8 Stealth
 + Level 1.3 Unarmed Combat
 + Level 2.1 Spellcasting
 - Level 0.6 Conjurations
 + Level 3.1 Ice Magic


You had 3 spell levels left.
You knew the following spells:

 Your Spells              Type           Power        Failure   Level  Hunger
a - Freeze                Ice            ##..         6%          1    #......
b - Throw Frost           Conj/Ice       #.....       14%         2    ###....


Dungeon Overview and Level Annotations

Branches:
Dungeon (2/15)

Altars:
Okawaru


Innate Abilities, Weirdness & Mutations

Your natural rate of healing is unusually fast.
You have razor-sharp teeth.
You have supernaturally acute eyesight.
You can survive without breathing.


Message History

The adder is moderately wounded.
The adder misses you. The adder barely misses you.
You barely miss the adder.
The adder is moderately wounded.
The adder barely misses you.
You miss the adder.
The adder is moderately wounded.
The adder bites you.
You are poisoned.
The adder poisons you!
You miss the adder.
The adder is moderately wounded.
You feel sick. The adder bites you.
* * * LOW HITPOINT WARNING * * *
The adder bites you.
* * * LOW HITPOINT WARNING * * *
You hit the adder.
The adder is heavily wounded.
The adder bites you.
You die...

..###.#.#.##.#
......#.#.##.#....#
..#####.#.##.......
##
..........##......#
#. .#####...##
.......#. ##
##.....## #...##.#
##.......## ....#.#
###.........####S...#
..+.........'...@...#
###.........####.%..#
# ##.......## ##.#.#
# ##..)..## ###.#
##...## #รท# ##'##
#.# #.# #.# #.# #.#
##.## #.#


You could see an adder.

Vanquished Creatures
  2 adders (D:2)
  A worm (D:2)
  4 bats (D:1)
  2 giant cockroaches (D:1)
  4 hobgoblins (D:1)
  3 jackals (D:1)
  3 kobolds
  3 giant newts (D:1)
  8 goblins
  5 rats
35 creatures vanquished.

Notes
Turn   | Place    | Note
--------------------------------------------------------------
     0 | D:1      | nexus the Vampire Ice Elementalist began the quest for the Orb.
     0 | D:1      | Reached XP level 1. HP: 13/13 MP: 3/3
   341 | D:1      | Reached XP level 2. HP: 18/20 MP: 1/5
   513 | D:1      | Found an iron altar of Okawaru.
   529 | D:1      | HP: 1/20 [giant cockroach (2)]
   540 | D:1      | Reached skill level 1 in Unarmed Combat
   800 | D:1      | Reached skill level 1 in Fighting
   852 | D:1      | Reached XP level 3. HP: 16/26 MP: 6/6
  1223 | D:2      | Learned a level 2 spell: Throw Frost
  1511 | D:2      | Slain by an adder

Vault maps used:
D:1:      matt_arrival_spirals, serial_park_tiny_pond, okawaru_ov_weapons_minmay
D:2:      lemuel_doored_altar

Action                   || total
-------------------------++-------
Melee: Unarmed           ||   123
 Cast: Freeze            ||    24
       Throw Frost       ||    12
  Use: Potion            ||     5
 Stab: Sleeping          ||     1
  Eat: Corpse            ||     6
